 Dungeon Crawl Stone Soup version 0.29.1-15-g9cfb28693d (webtiles) character file.

Game seed: 16440144409053735251

6706 hawla the Thaumaturge (level 11, 0/79 HPs)
             Began as a Meteoran Ice Elementalist on Feb 21, 2023.
             Was a Follower of Vehumet.
             Succumbed to a redback's poison
             ... on level 2 of the Lair of Beasts.
             The game lasted 00:21:29 (2600 turns).

hawla the Thaumaturge (Meteoran Ice Elementalist)   Turns: 2600, Time: 00:21:29

Health: 0/79       AC:  5    Str:  8 (9)  XL:     11   Next: 47%
Magic:  29/29      EV: 13    Int: 28 (29) God:    Vehumet [*.....]
Gold:   290        SH:  0    Dex: 12 (15) Spells: 24/32 levels left

rFire   x . .      SeeInvis .   t - staff of cold
rCold   + + .      Faith    .   q - orb {*channel}
rNeg    + . .      Spirit   .   a - +0 robe
rPois   .          Reflect  .   p - +0 helmet
rElec   .          Harm     .   (no cloak)
rCorr   .          Rampage  .   (no gloves)
Will    +....                   e - +1 pair of boots
Stlth   +.........              (no amulet)
HPRegen 0.23/turn               r - ring "Madutwau" {Ice Fly Int+7}
MPRegen 0.21/turn               x - ring of positive energy

@: lethally poisoned (0 -> -21), about to teleport, flying, hasted, glowing,
very quick
A: sense surroundings 2, otherworldly, glowing, explore regen, hooves 1, high MP
1
a: Renounce Religion


You were on level 2 of the Lair of Beasts.
You worshipped Vehumet.
Vehumet was aware of your devotion.
You visited 2 branches of the dungeon, and saw 11 of its levels.
You also visited: Sewer.

You collected 290 gold pieces.

Inventory:

Armour
 a - a +0 robe (worn)
 e - a +1 pair of boots (worn)
 p - a +0 helmet (worn)
 q - an orb of energy (worn)
Magical Staves
 t - a staff of cold (weapon)
Jewellery
 i - a ring of wizardry
 r - the ring "Madutwau" (left hand) {Ice Fly Int+7}
   (You found it on level 6 of the Dungeon)

   [ring of ice]

   It enhances your ice magic.
   Int:       It affects your intelligence (+7).
   rF:        It makes you vulnerable to fire.
   rC:        It protects you from cold.
   Fly:       It grants you flight.
 x - a ring of positive energy (right hand)
Wands
 l - a wand of flame (49) (quivered)
Scrolls
 b - a scroll of teleportation
 c - a scroll of summoning {unknown}
 d - a scroll of enchant weapon {unknown}
 f - a scroll of magic mapping {unknown}
 g - a scroll of vulnerability {unknown}
 h - a scroll of enchant armour
 m - a scroll of fog {unknown}
 n - 2 scrolls of identify {unknown}
 y - 2 scrolls of poison {unknown}
 z - a scroll of amnesia {unknown}
Potions
 o - 2 potions of lignification {unknown}
 v - 2 potions of degeneration
 w - a potion of attraction {unknown}


   Skills:
 + Level 1.7 Fighting
 + Level 6.3 Staves
 + Level 4.4 Dodging
 - Level 1.4 Stealth
 + Level 11.2 Spellcasting
 + Level 7.7 Conjurations
 + Level 10.3 Ice Magic
 + Level 6.5 Evocations


You had 24 spell levels left.
You knew the following spells:

 Your Spells              Type           Power      Damage    Failure   Level
a - Freeze                Ice            100%       1d11      1%          1
b - Frozen Ramparts       Ice            100%       1d16      1%          3
c - Hailstorm             Conj/Ice       99%        3d19      1%          4

Your spell library contained the following spells:

 Spells                   Type           Power      Damage    Failure   Level
 Foxfire                  Conj/Fire      100%       2x1d9     1%          1
 Ozocubu's Armour         Ice            100%       N/A       1%          3
 Dazzling Flash           Conj/Hex       74%        N/A       2%          3
 Portal Projectile        Hex/Tloc       30%        N/A       11%         3
 Tukima's Dance           Hex            15%        N/A       11%         3
 Agony                    Necr           15%        N/A       69%         5
 Blade Hands              Tmut           7%         N/A       69%         5
 Silence                  Hex/Air        7%         N/A       69%         5


Dungeon Overview and Level Annotations

Branches:
Dungeon (9/15) Zot: 3627   Temple (0/1) D:7            Lair (2/5) D:8 Zot: 816
  Swamp (0/4) Lair:2       Spider (0/4) Lair:2        Sewer (visited)
    Orc: D:9-12

Altars:
Elyvilon
Makhleb
Trog
Vehumet
Wu Jian


Innate Abilities, Weirdness & Mutations

You passively map the area around you.
You are easily found by Zot.
You glow in the dark.
You regain HP and MP as you explore.
You have large cloven feet.
You have an increased reservoir of magic. (+10% MP)


Message History

* * * LOW HITPOINT WARNING * * *
Casting: Freeze (safe; 1% risk of failure)
Confirm with . or Enter, or press ? or * to list all spells.
Aiming: Freeze (safe; 1% risk of failure)
Press: ? - help, Shift-Dir - straight line, f/p - komodo dragon
Aim: a komodo dragon (severely wounded)
You feel a strong surge of power!
You freeze the komodo dragon.
The komodo dragon is severely wounded.
The wall freezes the komodo dragon!
You kill the komodo dragon!
Vehumet accepts your kill.
The frozen ramparts melt away as you move.
You see here a komodo dragon corpse.
i - a ring of wizardry Unknown command.
Okay, then.
A redback comes into view.
The redback bites you!
* * * LOW HITPOINT WARNING * * *
You are lethally poisoned!
The redback poisons you!
Unknown command.
It was a potion of haste.
You feel yourself speed up.
* * * LOW HITPOINT WARNING * * *
You feel extremely sick. The redback bites you.
* * * LOW HITPOINT WARNING * * *
The redback misses you.
Unknown command.
As you read the scroll of teleportation, it crumbles to dust.
You feel strangely unstable.
* * * LOW HITPOINT WARNING * * *
You feel very sick. The redback bites you.
* * * LOW HITPOINT WARNING * * *
Unknown command.
It was a potion of degeneration.
There was something very wrong with that liquid.
You feel weakened.
You feel dopey.
You feel clumsy.
You die...

* , ,, #.#P * ^
≈#####..## ,, , ,
,**##.......## * ,, ,
#........## , **
####......... ## #####.#
#..†.##.#
*.##..###.....###P...#..#
........................
......s@................
........................
###.######.#######.##†##
# ##.# ####.## * ## ###


You could see a redback.

Vanquished Creatures
  A hydra (Lair:2)
  2 bog bodies (Lair:2)
  3 cane toads
  2 komodo dragons (Lair:2)
  A rime drake (Lair:2)
  Prince Ribbit (D:7)
  2 wyverns
  4 yaks (D:8)
  3 steam dragons
  Grum (D:8)
  2 wargs (D:8)
  2 water moccasins
  An orc warrior (D:8)
  A black bear (D:4)
  A centaur (D:5)
  2 wolves (D:8)
  4 wights (D:8)
  6 killer bees (D:8)
  A jelly (D:7)
  A howler monkey (D:8)
  2 hounds
  An iguana (D:5)
  4 orc priests (D:8)
  6 orc wizards
  5 adders
  5 river rats (Sewer)
  A shadow imp (D:8)
  2 dart slugs (D:1)
  14 orcs
  3 ball pythons
  8 bats
  4 endoplasms
  5 giant cockroaches
  3 goblins
  A hobgoblin (D:2)
  5 jackals (Sewer)
  6 quokkas
  4 frilled lizards (Sewer)
  A rat (D:1)
121 creatures vanquished.

Vanquished Creatures (others)
  3 fungi
  5 plants (Lair:2)
8 creatures vanquished.

Grand Total: 129 creatures vanquished

Notes
Turn   | Place    | Note
-------+----------+-------------------------------------------
     0 | D:1      | hawla the Meteoran Ice Elementalist began the quest for the
                  | Orb.
     0 | D:1      | Reached XP level 1. HP: 14/14 MP: 5/5
    90 | D:1      | Reached XP level 2. HP: 10/20 MP: 2/6
   133 | D:2      | Reached skill level 5 in Ice Magic
   133 | D:2      | Reached XP level 3. HP: 14/26 MP: 5/8
   137 | D:2      | Learned a level 3 spell: Frozen Ramparts
   166 | D:2      | Reached skill level 3 in Spellcasting
   239 | D:4      | Noticed a black bear
   243 | D:4      | Killed a black bear
   244 | D:4      | Reached XP level 4. HP: 30/33 MP: 3/10
   244 | D:4      | Reached XP level 5. HP: 34/38 MP: 3/11
   253 | D:4      | Learned a level 4 spell: Hailstorm
   258 | D:4      | Found a glowing drain.
   348 | Sewer    | Entered a sewer
   354 | Sewer    | Reached skill level 1 in Conjurations
   522 | Sewer    | Reached XP level 6. HP: 41/46 MP: 7/12
   744 | Sewer    | Glimpsed the power of Zot.
   781 | Sewer    | Glimpsed the power of Zot.
   978 | D:4      | Found an ornate altar of the Wu Jian Council.
   978 | D:4      | Found a white marble altar of Elyvilon.
   986 | D:4      | Found a burning altar of Makhleb.
   988 | D:4      | Found a radiant altar of Vehumet.
   990 | D:4      | Found a bloodstained altar of Trog.
   994 | D:4      | Became a worshipper of Vehumet
  1055 | D:5      | Entered Level 5 of the Dungeon
  1056 | D:5      | Noticed a centaur
  1067 | D:5      | Killed a centaur
  1068 | D:5      | Reached skill level 5 in Conjurations
  1068 | D:5      | Reached XP level 7. HP: 10/51 MP: 8/13
  1099 | D:5      | Noticed a water moccasin
  1106 | D:5      | Killed a water moccasin
  1107 | D:5      | Reached skill level 4 in Spellcasting
  1144 | D:6      | Identified the ring "Madutwau" {Ice Fly Int+7}
  1165 | D:6      | Reached skill level 1 in Evocations
  1350 | D:7      | Noticed Prince Ribbit
  1355 | D:7      | Killed Prince Ribbit
  1356 | D:7      | Reached XP level 8. HP: 58/58 MP: 3/16
  1459 | D:7      | Noticed a wyvern
  1464 | D:7      | Killed a wyvern
  1504 | D:7      | Found a staircase to the Ecumenical Temple.
  1561 | D:8      | Noticed a yak
  1562 | D:8      | Noticed a yak
  1563 | D:8      | Noticed a yak
  1565 | D:8      | Killed a yak
  1566 | D:8      | Noticed a yak
  1567 | D:8      | Killed a yak
  1568 | D:8      | Reached skill level 5 in Evocations
  1568 | D:8      | Gained mutation: You passively map the area around you.
                  | [Meteoran growth]
  1568 | D:8      | Reached XP level 9. HP: 62/63 MP: 2/17
  1572 | D:8      | Reached skill level 5 in Staves
  1588 | D:8      | Reached skill level 5 in Spellcasting
  1607 | D:8      | Reached * piety under Vehumet
  1607 | D:8      | Offered knowledge of Foxfire by Vehumet.
  1611 | D:8      | Reached skill level 1 in Fighting
  1611 | D:8      | Reached skill level 6 in Spellcasting
  1663 | D:8      | Found a staircase to the Lair.
  1728 | D:8      | Reached XP level 10. HP: 71/71 MP: 1/21
  1730 | D:8      | Reached skill level 7 in Spellcasting
  1832 | D:8      | Noticed Grum
  1834 | D:8      | Killed Grum
  1959 | D:8      | Reached skill level 8 in Spellcasting
  2215 | Lair:1   | Entered Level 1 of the Lair of Beasts
  2215 | Lair:1   | Noticed a cane toad
  2218 | Lair:1   | Killed a cane toad
  2306 | Lair:2   | Noticed a komodo dragon
  2307 | Lair:2   | Gained mutation: You have an increased reservoir of magic.
                  | (+10% MP) [potion of mutation]
  2307 | Lair:2   | Gained mutation: You have large cloven feet. [potion of
                  | mutation]
  2312 | Lair:2   | Killed a komodo dragon
  2313 | Lair:2   | Reached skill level 9 in Spellcasting
  2404 | Lair:2   | Noticed a rime drake
  2408 | Lair:2   | Killed a rime drake
  2416 | Lair:2   | Noticed a cane toad
  2422 | Lair:2   | Killed a cane toad
  2423 | Lair:2   | Reached XP level 11. HP: 75/78 MP: 8/28
  2427 | Lair:2   | Noticed a bog body
  2430 | Lair:2   | Found a staircase to the Swamp.
  2430 | Lair:2   | Noticed a bog body
  2434 | Lair:2   | Killed a bog body
  2435 | Lair:2   | Reached skill level 10 in Spellcasting
  2439 | Lair:2   | Killed a bog body
  2501 | Lair:2   | Reached skill level 10 in Ice Magic
  2549 | Lair:2   | Noticed an eight-headed hydra
  2566 | Lair:2   | Noticed a seven-headed hydra
  2571 | Lair:2   | Killed a seven-headed hydra
  2572 | Lair:2   | Reached skill level 11 in Spellcasting
  2599 | Lair:2   | HP: 3/79 [redback (1)]
  2600 | Lair:2   | Succumbed to a redback's poison

Illustrated notes

Levels and vault maps discovered:
D:1:      mrwooster_arrival_statue, layout_basic,
          ebering_ecumenical_altar_petrified
D:2:      layout_basic
D:3:      layout_loops_ring, jmf_multi_god_temple2, minmay_parallelograms,
          kennysheep_minor_cross, grunt_ministairs_15,
          nicolae_elevator_lobby_plus, uniq_grinder, uniq_crazy_yiuf_cottage
D:4:      layout_basic, chequers_temple_overflow_minitemple,
          portal_sewer_entry_f, grunt_decor_fettered, serial_park_tiny_2
D:5:      layout_rooms, fedhas_bush_and_centaur_altar, uniq_duvessa
D:6:      layout_basic, minmay_microvault
D:7:      layout_gridville, minmay_temple_entry_offerings, eino_tiny_chamber,
          uniq_prince_ribbit1
D:8:      layout_basic, erik_lair_orcish_takeover, wad_floor_pattern_2,
          david_defended_altar_orc, uniq_grum
D:9:      layout_roguey, okawaru_metal_pillars_1_2, nzn_random_ring,
          uniq_maurice
Lair:1:   layout_hall_layers
Lair:2:   layout_regular_city, skrybe_swamp_entry_bodies,
          nicolae_spider_entry_tight_spaces, chequers_serial_rivers_micro_c,
          forest_entry_grove, serial_bayou_shore_b

Skill      XL: |  1  2  3  4  5  6  7  8  9 10 11 |
---------------+----------------------------------+-----
Ice Magic      | 5 6 7 9 10 | 10.3
Spellcasting   | 3 4 6 9 11 | 11.2
Dodging        | 3 4 |  4.4
Conjurations   | 2 5 6 7 |  7.7
Evocations     | 3 5 6 |  6.5
Staves         | 4 6 |  6.3
Fighting       | 1 |  1.7
Stealth        | |  1.4

Action                   |  1- 3 |  4- 6 |  7- 9 | 10-12 || total
-------------------------+-------+-------+-------+-------++-------
Melee: Unarmed           |    10 |    68 |       |       ||    78
       Punch             |       |     1 |       |       ||     1
       Staff             |       |       |     6 |    11 ||    17
 Cast: Freeze            |    21 |    45 |    18 |    21 ||   105
       Frozen Ramparts   |     1 |    12 |    13 |    10 ||    36
       Hailstorm         |       |       |    23 |    21 ||    44
Evoke: Wand              |       |       |     5 |     7 ||    12
  Use: Potion            |     1 |     2 |     2 |     5 ||    10
       Scroll            |     2 |     1 |     1 |     2 ||     6
Armor: Robe              |    11 |    58 |     5 |     6 ||    80
Dodge: Dodged            |     8 |    93 |    20 |    14 ||   135
